 Dungeon Crawl Stone Soup version 0.29.1-15-g9cfb28693d (webtiles) character file.

Game seed: 13357707167837461660

192 Cheops the Spear-Bearer (level 5, -4/38 HPs)
             Began as a Merfolk Gladiator on Mar 9, 2023.
             Splashed by a jelly's acid (9 damage)
             ... on level 4 of the Dungeon.
             The game lasted 00:05:08 (4168 turns).

Cheops the Spear-Bearer (Merfolk Gladiator)         Turns: 4168, Time: 00:05:09

Health: -4/38      AC:  0    Str: 17    XL:     5   Next: 71%
Magic:  5/5        EV: 13    Int:  7    God:
Gold:   113        SH:  0    Dex: 15    Spells: 4/4 levels left

rFire   . . .      SeeInvis .   a - +1 spear (venom)
rCold   + . .      Faith    .   (no shield)
rNeg    . . .      Spirit   .   m - +0 leather armour
rPois   .          Reflect  .   t - +0 helmet
rElec   .          Harm     .   (no cloak)
rCorr   .          Rampage  .   (no gloves)
Will    .....                   (no boots)
Stlth   +.........              (no amulet)
HPRegen 0.12/turn               p - ring of protection from cold
MPRegen 0.09/turn               (no ring)

@: corroded
A: (nimble swimmer 2), mertail
a: no special abilities


You were on level 4 of the Dungeon.
You visited 1 branch of the dungeon, and saw 4 of its levels.

You collected 113 gold pieces.

Inventory:

Hand Weapons
 a - a +1 spear of venom (weapon)
 b - a +0 trident
 c - a +0 halberd of venom
 d - a +3 hand axe
Missiles
 e - a javelin
 y - 3 throwing nets (quivered)
Armour
 m - a +0 leather armour (worn)
 t - a +0 helmet (worn)
Jewellery
 p - a ring of protection from cold (left hand)
 u - an amulet of faith
Wands
 w - a wand of roots (2)
Scrolls
 f - a scroll of poison {unknown}
 g - 2 scrolls of vulnerability {unknown}
 h - 2 scrolls of magic mapping {unknown}
 i - a scroll of enchant armour {unknown}
 j - a scroll of fog
 r - a scroll of fear
 s - a scroll of teleportation
Potions
 k - a potion of heal wounds {unknown}
 l - a potion of lignification {unknown}
 n - a potion of flight
 o - 2 potions of attraction
 q - a potion of curing
 x - a potion of magic


   Skills:
 - Level 2.1 Fighting
 + Level 8.2 Polearms
 - Level 2.0 Throwing
 - Level 4.0 Dodging


You had 4 spell levels left.
You didn't know any spells.
Your spell library contained the following spells:

 Spells                   Type           Power      Damage    Failure   Level
 Magic Dart               Conj           0%         1d3       50%         1
 Sandblast                Erth           0%         2d4       50%         1
 Call Imp                 Summ           0%         N/A       65%         2
 Passwall                 Tmut/Erth      0%         N/A       65%         2
 Conjure Flame            Conj/Fire      0%         6-21      86%         3
 Ignite Poison            Fire/Tmut/Pois 0%         N/A       86%         3
 Mephitic Cloud           Conj/Pois/Air  0%         N/A       86%         3
 Stone Arrow              Conj/Erth      0%         3d7       86%         3
 Sticky Flame             Conj/Fire      0%         2d3       99%         4


Dungeon Overview and Level Annotations

Branches:
Dungeon (4/15)
 Temple: D:4-7

Altars:


Innate Abilities, Weirdness & Mutations

((You are very nimble when in or above water. (Stealth+, EV+, Speed+++)))
Your lower body shifts to a powerful aquatic tail in water.


Message History

A jelly comes into view.
The jelly quivers.
Found a scroll labelled MYRIFF MYDGHUISCH.
You reach to attack!
You hit the jelly.
The jelly is lightly wounded.
You hit the jelly but do no damage.
Your hands burn!
The jelly is lightly wounded.
You barely miss the jelly.
The jelly is lightly wounded.
The jelly hits you. The acid corrodes you!
You are splashed with acid!
You are too injured to fight recklessly!
You are too injured to fight recklessly!
A jelly is nearby!
A jelly is nearby!
A jelly is nearby!
You are too injured to fight recklessly!
You are too injured to fight recklessly!
You are too injured to fight recklessly!
You are too injured to fight recklessly!
You are too injured to fight recklessly!
You are too injured to fight recklessly!
You are too injured to fight recklessly!
A jelly is nearby!
A jelly is nearby!
A jelly is nearby!
You hit the jelly.
Your hands burn!
The jelly is lightly wounded.
A scorpion comes into view.
The jelly hits you.
You are splashed with acid!
* * * LOW HITPOINT WARNING * * *
You hit the jelly.
Your hands burn!
* * * LOW HITPOINT WARNING * * *
The jelly is moderately wounded.
You puncture the jelly!
Your hands burn!
* * * LOW HITPOINT WARNING * * *
The jelly is almost dead.
The jelly hits you.
* * * LOW HITPOINT WARNING * * *
You are splashed with acid!
You die...

### #." #.# #.# #.# #.#
##### #.# #.# #~~P# ##
#.# #.###########...#
###.###.#.......@J[#
.....##.#.####....#...#
###..##.#.#....#..# ...
#..##...#.#.###...$ #
#............. ...#
#.############ ##.# #.#
#~~. s# #.# # ### ?#
#.#


You could see a scorpion and a jelly.

Vanquished Creatures
  Natasha (thrice) (D:3)
  4 gnolls
  2 adders
  2 worms
  2 dart slugs
  An orc (D:3)
  4 ball pythons
  2 endoplasms
  A giant cockroach (D:3)
  7 goblins
  7 hobgoblins
  3 jackals (D:1)
  A quokka (D:1)
  6 bats
  2 frilled lizards (D:2)
  4 kobolds
  3 rats
54 creatures vanquished.

Vanquished Creatures (others)
  14 fungi (D:4)
14 creatures vanquished.

Grand Total: 68 creatures vanquished

Notes
Turn   | Place    | Note
-------+----------+-------------------------------------------
     0 | D:1      | Cheops the Merfolk Gladiator began the quest for the Orb.
     0 | D:1      | Reached XP level 1. HP: 16/16 MP: 1/1
   342 | D:1      | Reached XP level 2. HP: 22/22 MP: 2/2
   532 | D:1      | Reached skill level 5 in Polearms
   806 | D:1      | Reached XP level 3. HP: 27/27 MP: 3/3
   931 | D:1      | Noticed a floating eye
   933 | D:1      | Found a faded altar of an unknown god.
   935 | D:1      | Noticed a great orb of eyes
   935 | D:1      | Noticed a floating eye
   935 | D:1      | Noticed a great orb of eyes
  1216 | D:2      | Reached skill level 6 in Polearms
  1837 | D:2      | Reached XP level 4. HP: 19/33 MP: 4/4
  2402 | D:3      | Reached skill level 7 in Polearms
  2903 | D:3      | Noticed Natasha
  2915 | D:3      | Killed Natasha
  2916 | D:3      | Reached XP level 5. HP: 9/38 MP: 5/5
  3468 | D:3      | Noticed Natasha
  3474 | D:3      | Killed Natasha
  3733 | D:3      | Noticed Natasha
  3739 | D:3      | Killed Natasha
  3740 | D:3      | Reached skill level 8 in Polearms
  4168 | D:4      | Splashed by a jelly's acid

Illustrated notes

Levels and vault maps discovered:
D:1:      dpeg_arrival_three_smaller_balls, layout_basic,
          hellmonk_ecumenical_altar_watching_god
D:2:      layout_basic
D:3:      layout_basic, uniq_natasha
D:4:      layout_loops_ring, temple_fountains, serial_aquarium,
          aquarium_bridge_straight [aquarium_subvault_bridge,
          aquarium_subvault_wall, aquarium_subvault_bridge,
          aquarium_subvault_window], aquarium_bridge_island_small
          [aquarium_subvault_small_open, aquarium_subvault_bridge,
          aquarium_subvault_bridge, aquarium_subvault_balcony,
          aquarium_subvault_bridge], aquarium_window_1, aquarium_window_fake,
          aquarium_window_fake, aquarium_window_2, aquarium_view_2d,
          aquarium_balcony_1a, aquarium_pool_side

Skill      XL: |  1  2  3  4  5 |
---------------+----------------+-----
Polearms       | 5 6 7 8 |  8.2
Fighting       | |  2.1
Throwing       | |  2.0
Dodging        | |  4.0

Action                   |  1- 3 |  4- 6 || total
-------------------------+-------+-------++-------
Melee: Trident           |   111 |       ||   111
       Spear             |       |    66 ||    66
       Punch             |       |     1 ||     1
  Use: Scroll            |     4 |     4 ||     8
Armor: Leather armour    |    16 |     5 ||    21
Dodge: Dodged            |    49 |    20 ||    69
